 Dungeon Crawl Stone Soup version 0.30-a0-304-gdc4b735fe1 (webtiles) character file.

Game seed: 14689937685344221984

60625 Dnbvrw the Unseen (level 14, -6/72 HPs)
             Began as a Spriggan Enchanter on Oct 19, 2022.
             Was the Champion of Dithmenos.
             Mangled by a catoblepas (12 damage)
             ... while petrified by a catoblepas
             ... on level 3 of the Lair of Beasts on Oct 20, 2022.
             The game lasted 01:12:05 (19839 turns).

Dnbvrw the Unseen (Spriggan Enchanter)             Turns: 19839, Time: 01:12:05

Health: -6/72      AC: 10    Str: 16    XL:     14   Next: 57%
Magic:  32/33      EV:  4    Int: 17    God:    Dithmenos [******]
Gold:   3951       SH:  0    Dex: 19    Spells: 31/42 levels left

rFire   . . .      SeeInvis +    y - +4 quick blade (venom)
rCold   + . .      Faith    .    (no shield)
rNeg    + + +      Spirit   .    z - +2 steam dragon scales
rPois   ∞          Reflect  .    H - +1 hat of Poor Excuses {rC+ Str+2 Dex+3}
rElec   +          Harm     .    K - +1 cloak of the Desolation of Salt {rElec Regen+}
rCorr   .          Rampage  .    (gloves unavailable)
Will    ++...                    (boots unavailable) Stlth **++++++++
                                 I - macabre finger necklace {rN+}
HPRegen 1.12/turn                d - +6 ring of strength
MPRegen 0.23/turn                O - +4 ring of evasion
                                 A - ring of flight

@: petrified, flying, wreathed by umbra, very quick
A: very small, no large weapons, unfitting armour, see invisible, speed 3, wild
magic 1, MP-powered wands
a: Renounce Religion, Shadow Step, Shadow Form


You were on level 3 of the Lair of Beasts.
You worshipped Dithmenos.
Dithmenos was exalted by your worship.
You visited 3 branches of the dungeon, and saw 18 of its levels.
You also visited: Gauntlet and Volcano.

You collected 3951 gold pieces.

Inventory:

Hand Weapons
 a - a +2 spectral dagger
 r - the +7 trident "Cerphuma" {vorpal, rC- Dex-5 SInv Stlth+}
   (You found it on level 7 of the Dungeon)

   It inflicts extra damage upon your enemies.
   Dex:       It affects your dexterity (-5).
   rC:        It makes you vulnerable to cold.
   SInv:      It lets you see invisible.
   Stlth:     It makes you more stealthy.
 y - a +4 quick blade of venom (weapon)
Missiles
 C - a throwing net (quivered)
 E - a curare-tipped dart
Armour
 z - +2 steam dragon scales (worn)
 H - the +1 hat of Poor Excuses (worn) {rC+ Str+2 Dex+3}
   (You acquired it on level 12 of the Dungeon)

   Str:       It affects your strength (+2).
   Dex:       It affects your dexterity (+3).
   rC:        It protects you from cold.
 K - the +1 cloak of the Desolation of Salt (worn) {rElec Regen+}
   (You found it in a Gauntlet)

   rElec:     It insulates you from electricity.
   Regen:     It increases your rate of health regeneration.
Jewellery
 d - a +6 ring of strength (left hand)
 g - a ring of ice
 t - a ring of willpower
 A - a ring of flight (on amulet)
 I - the macabre finger necklace (around neck) {rN+}
   (You found it in a Gauntlet)

   [amulet of nothing]

   It enables you to equip an extra ring.
   rN:        It protects you from negative energy.
 O - a +4 ring of evasion (right hand)
Wands
 i - a wand of flame (71)
 o - a wand of paralysis (23)
 s - a wand of acid (8)
 u - a wand of mindburst (17)
 J - a wand of iceblast (5)
Scrolls
 b - 5 scrolls of teleportation
 e - a scroll of fog
 f - 4 scrolls of magic mapping
 j - 3 scrolls of amnesia
 n - 5 scrolls of vulnerability
 B - 2 scrolls of fear
 D - 3 scrolls of identify
Potions
 c - 3 potions of invisibility
 h - 4 potions of curing
 k - 6 potions of lignification
 l - a potion of resistance
 m - 4 potions of brilliance
 p - 3 potions of flight
 q - a potion of heal wounds
 v - 4 potions of mutation
 w - 2 potions of haste
 x - a potion of magic
 F - 7 potions of ambrosia
 M - a potion of might
 P - a potion of cancellation
Miscellaneous
 G - a condenser vane
 L - a box of beasts
 N - a lightning rod (4/4)


   Skills:
 + Level 7.0 Fighting
 - Level 12.0 Short Blades
 - Level 0.6 Armour
 + Level 11.4 Dodging
 + Level 18.0 Stealth
 + Level 14.7 Spellcasting
 + Level 14.9 Hexes


You had 31 spell levels left.
You knew the following spells:

 Your Spells              Type           Power      Damage    Failure   Level
a - Ensorcelled Hibernat  Hex/Ice        98%        N/A       1%          2
b - Tukima's Dance        Hex            70%        N/A       1%          3
c - Dazzling Flash        Conj/Hex       98%        N/A       1%          3
d - Confusing Touch       Hex            70%        N/A       1%          3

Your spell library contained the following spells:

 Spells                   Type           Power      Damage    Failure   Level
 Portal Projectile        Hex/Tloc       98%        N/A       1%          3
 Cause Fear               Hex            35%        N/A       1%          4
 Leda's Liquefaction      Hex/Erth       24%        N/A       4%          4
 Beastly Appendage        Tmut           32%        N/A       9%          1
 Freeze                   Ice            64%        1d7       9%          1
 Magic Dart               Conj           64%        1d6       9%          1
 Necrotise                Necr           64%        1d7       9%          1
 Shock                    Conj/Air       64%        1d7       9%          1
 Call Imp                 Summ           16%        N/A       12%         2
 Sublimation of Blood     Necr           16%        N/A       12%         2
 Wereblood                Tmut           16%        N/A       12%         2
 Call Canine Familiar     Summ           16%        N/A       22%         3
 Frozen Ramparts          Ice            32%        1d5       22%         3
 Gell's Gravitas          Tloc           16%        N/A       22%         3
 Hailstorm                Conj/Ice       16%        3d6       22%         3
 Mephitic Cloud           Conj/Pois/Air  16%        N/A       22%         3
 Ozocubu's Armour         Ice            16%        N/A       22%         3
 Spider Form              Tmut/Pois      16%        N/A       22%         3
 Stone Arrow              Conj/Erth      32%        3d9       22%         3
 Swiftness                Air            16%        N/A       22%         3
 Teleport Other           Tloc           16%        N/A       22%         3
 Vampiric Draining        Necr           16%        2d7       22%         3
 Airstrike                Air            8%         2d(2-18)  54%         4
 Animate Armour           Summ/Erth      32%        N/A       54%         4
 Animate Dead             Necr           16%        N/A       54%         4
 Agony                    Necr           16%        N/A       87%         5
 Dispersal                Tloc           8%         N/A       100%        6
 Dragon Form              Tmut           8%         N/A       100%        7
 Haunt                    Necr/Summ      8%         N/A       100%        7
 Ozocubu's Refrigeration  Ice            8%         4d9       100%        7
 Summon Hydra             Summ           8%         N/A       100%        7
 Borgnjor's Revivificati  Necr           8%         N/A       100%        8
 Infestation              Necr           8%         N/A       100%        8
 Lehudib's Crystal Spear  Conj/Erth      8%         10d3      100%        8
 Necromutation            Tmut/Necr      8%         N/A       100%        8
 Death's Door             Necr           8%         N/A       100%        9
 Dragon's Call            Summ           8%         N/A       100%        9


Dungeon Overview and Level Annotations

Branches:
Dungeon (14/15)            Temple (1/1) D:5            Lair (3/5) D:8
 Spider (0/4) Lair:2          Orc (0/2) D:12         Vaults (0/5) D:14
Volcano (visited)         Gauntlet (visited)
  Swamp: Lair:2-3    Shoals: Lair:2-3

Altars:
Ashenzari
Cheibriados
Dithmenos
Elyvilon
Fedhas
Hepliaklqana
Kikubaaqudgha
Makhleb
Nemelex Xobeh
Okawaru
Qazlal
Ru
Sif Muna
Trog
Uskayaw
Vehumet
Wu Jian
Xom
Yredelemnul
Zin
The Shining One

Shops:
D:2 [   D:12 *[

Portals:
Trove: D:13 (give 3 potions of resistance)

Annotations:
D:3 2 transporters, drclinical's ghost, amateur TeRe
D:6 2 runed translucent doors, Smoky173's ghost, novice DsMo
D:9 exclusion: obsidian statue


Innate Abilities, Weirdness & Mutations

You are very small and have problems with some larger weapons.
You are too small for most types of armour.
You have supernaturally acute eyesight. (SInv)
You cover ground extremely quickly. (Speed+++)
Your spells are a little harder to cast, but a little more powerful.
You expend magic power (3 MP) to strengthen your wands.


Message History

Unknown command.
You hit the catoblepas.
The catoblepas is moderately wounded.
Your shadow completely misses the catoblepas.
You have turned to stone.
The catoblepas gores you! The blink frog barely misses you.
The catoblepas gores you.
The blink frog blinks!
The catoblepas gores you!!
You kill the blink frog!
Dithmenos accepts your kill.
The blink frog is no longer blind.
The catoblepas gores you but does no damage.
The blink frog stops moving altogether!
The catoblepas breathes a plume of calcifying dust at you.
The blast of calcifying dust hits you but does no damage.
You are engulfed in calcifying dust.
The catoblepas gores you.
You are engulfed in calcifying dust.
The catoblepas gores you!
You turn to flesh and can move again.
The blink frog croaks.
You hit the catoblepas.
The catoblepas is heavily wounded.
Your shadow hits the catoblepas but does no damage.
You are engulfed in calcifying dust.
You are slowing down.
The catoblepas gores you!!
* * * LOW HITPOINT WARNING * * *
You emit a cloud of dark smoke.
Unknown command.
You hit the catoblepas.
The catoblepas looks as sick as possible!
The catoblepas is heavily wounded.
You are engulfed in calcifying dust.
Your limbs have turned to stone.
You have turned to stone.
You are engulfed in calcifying dust.
The catoblepas gores you!
* * * LOW HITPOINT WARNING * * *
The catoblepas gores you.
* * * LOW HITPOINT WARNING * * *
The catoblepas gores you!!
You die...

#..## .. ##..# ..##
#...# ..... #...#
.F...## ##..##.#.
....§.. ##.........
.....F§#####..........
#....FY§§†#.P.........
#.....#@§§............
....# #§#§.##.........
... ########.#P..#.# #
#####.### ##


You could see a catoblepas (extremely poisoned) and 2 blink frogs.

Vanquished Creatures
  Frances (D:13)
  Nessos (Lair:3)
  A minotaur (Gauntlet)
  A great orb of eyes (D:12)
  A yaktaur captain (D:12)
  A fire dragon (D:12)
  A vault guard (D:14)
  3 catoblepae
  5 centaur warriors (D:14)
  3 hydras
  A death knight (D:12)
  A two-headed ogre (D:12)
  4 boulder beetles
  3 tengu warriors (D:14)
  Urug (Lair:1)
  3 skeletal warriors (D:13)
  2 wizards (D:14)
  A harpy (shapeshifter) (Gauntlet)
  An orc knight (D:14)
  A necromancer (D:12)
  6 deep elf pyromancers
  A wolf spider (D:14)
  A lindwurm (Lair:3)
  3 ugly things
  3 cyclopes
  2 torpor snails
  4 gargoyles
  2 kobold demonologists
  An unseen horror (D:12)
  A minotaur zombie (Gauntlet)
  3 cane toads
  A komodo dragon (Lair:3)
  A rime drake (Lair:1)
  4 efreet
  A tengu conjurer (D:14)
  A queen bee (D:13)
  8 trolls
  3 polar bears
  3 meliai (D:13)
  A hornet (D:14)
  21 slime creatures
  Prince Ribbit (D:5)
  12 blink frogs
  A spriggan (Lair:2)
  3 wraiths
  A water elemental (D:14)
  A basilisk (D:12)
  2 shadows
  A fire bat (shapeshifter) (Gauntlet)
  46 yaks
  3 vampires (D:12)
  2 wyverns
  3 fire elementals (Volcano)
  2 steam dragons (D:9)
  7 vampire mosquitoes
  3 acid dragons
  5 water moccasins
  3 sky beasts
  5 orc warriors
  2 black bears
  3 ice beasts
  5 centaurs
  7 wolves
  An ogre (D:6)
  5 boggarts (D:14)
  2 kobold brigands
  A necrophage (D:7)
  11 bullfrogs
  A gnoll sergeant (D:10)
  6 scorpions
  5 wights (D:8)
  21 killer bees (D:13)
  A howler monkey (D:12)
  2 jellies
  14 orc priests
  4 hounds
  A gnoll bouda (D:6)
  4 iguanas
  10 orc wizards
  15 gnolls
  8 adders
  2 shadow imps
  A white imp (D:5)
  3 worms
  2 dart slugs (D:2)
  40 orcs
  7 bats
  4 endoplasms
  2 giant cockroaches
  3 hobgoblins
  2 jackals (D:1)
  2 quokkas
  6 ball pythons
  4 frilled lizards
  3 goblins
  11 kobolds
  3 rats
432 creatures vanquished.

Vanquished Creatures (collateral kills)
  A skeletal warrior (D:13)
  A deep elf pyromancer (D:14)
  An ogre (D:4)
  A wight (D:8)
  Crazy Yiuf (D:3)
  An orc priest (D:8)
  8 gnolls
  An orc (D:8)
  A giant cockroach (D:4)
16 creatures vanquished.

Vanquished Creatures (others)
  9 dancing weapons
  An orc priest (D:7)
  An orc wizard (D:6)
  An orc (D:12)
  6 bushes (Lair:2)
  4 fungi
  6 plants
28 creatures vanquished.

Grand Total: 476 creatures vanquished

Notes
Turn   | Place    | Note
-------+----------+-------------------------------------------
     0 | D:1      | Dnbvrw the Spriggan Enchanter began the quest for the Orb.
     0 | D:1      | Reached XP level 1. HP: 9/9 MP: 5/5
   207 | D:1      | Reached XP level 2. HP: 13/13 MP: 7/7
   210 | D:1      | Learned a level 2 spell: Ensorcelled Hibernation
   455 | D:1      | Found a faded altar of an unknown god.
  1057 | D:2      | Reached XP level 3. HP: 16/16 MP: 9/9
  1073 | D:2      | Learned a level 3 spell: Tukima's Dance
  1077 | D:2      | Learned a level 3 spell: Confusing Touch
  1115 | D:2      | Found Gahesaru's Armour Boutique.
  1787 | D:3      | Reached skill level 5 in Hexes
  1787 | D:3      | Reached XP level 4. HP: 21/21 MP: 8/11
  1876 | D:3      | Noticed drclinical's ghost (amateur TeRe)
  1878 | D:3      | Found a transporter.
  1878 | D:3      | Identified the +5 dire flail of Defaedd {vorpal, rN+}
  1878 | D:3      | Noticed an ogre
  1878 | D:3      | Noticed an ogre
  1910 | D:3      | Found a transporter.
  2280 | D:3      | Found an iron altar of Okawaru.
  2410 | D:3      | Reached XP level 5. HP: 24/24 MP: 8/13
  2462 | D:3      | Reached skill level 5 in Spellcasting
  2739 | D:3      | Reached skill level 5 in Stealth
  2832 | D:3      | Found a runed translucent door.
  2833 | D:3      | Noticed Crazy Yiuf
  2843 | D:3      | Killed Crazy Yiuf
  2962 | D:4      | Reached XP level 6. HP: 26/28 MP: 5/15
  3525 | D:4      | Reached skill level 6 in Stealth
  3927 | D:4      | Reached XP level 7. HP: 20/32 MP: 9/17
  4065 | D:5      | Entered Level 5 of the Dungeon
  4088 | D:5      | Reached skill level 7 in Stealth
  4183 | D:5      | Noticed Prince Ribbit
  4447 | D:5      | Learned a level 3 spell: Dazzling Flash
  4540 | D:5      | Found a staircase to the Ecumenical Temple.
  4549 | Temple   | Entered the Ecumenical Temple
  4588 | Temple   | Became a worshipper of Dithmenos the Shadowed
  4693 | D:5      | Killed Prince Ribbit
  4694 | D:5      | Reached skill level 8 in Stealth
  4694 | D:5      | Reached XP level 8. HP: 17/36 MP: 14/20
  4975 | D:6      | Upgraded the game from 0.30-a0-297-g0ec75d9ef4 to
                  | 0.30-a0-304-gdc4b735fe1
  5135 | D:6      | Found a runed translucent door.
  5136 | D:6      | Noticed Smoky173's ghost (novice DsMo)
  5270 | D:6      | Found a runed translucent door.
  5312 | D:6      | Reached skill level 9 in Stealth
  5711 | D:6      | Found a hazy altar of Hepliaklqana.
  5718 | D:6      | Reached * piety under Dithmenos
  5745 | D:6      | Found a burning altar of Makhleb.
  6174 | D:6      | Reached skill level 10 in Stealth
  6438 | D:7      | Identified the +7 trident "Cerphuma" {vorpal, rC- Dex-5
                  | SInv Stlth+}
  6457 | D:7      | Identified the +3 leather armour of Honesty {Harm rF+ Will-
                  | SInv}
  6615 | D:7      | Identified a scroll of acquirement
  6615 | D:7      | Acquired 653 gold pieces
  6645 | D:7      | Gained mutation: You are resistant to electric shocks.
                  | (rElec) [potion of mutation]
  6686 | D:7      | Reached XP level 9. HP: 39/39 MP: 19/23
  6881 | D:7      | Found a white marble altar of Elyvilon.
  6883 | D:7      | Found a glowing golden altar of the Shining One.
  6885 | D:7      | Found a blossoming altar of Fedhas.
  7021 | D:7      | Reached skill level 11 in Stealth
  7301 | D:7      | Found a snail-covered altar of Cheibriados.
  7404 | D:8      | Noticed a troll
  7408 | D:8      | Killed a troll
  7409 | D:8      | Reached skill level 10 in Hexes
  7455 | D:8      | Reached ** piety under Dithmenos
  7567 | D:8      | Reached skill level 10 in Spellcasting
  7593 | D:8      | Reached skill level 12 in Stealth
  7673 | D:8      | Found a staircase to the Lair.
  8461 | D:9      | Noticed a troll
  8469 | D:9      | Reached XP level 10. HP: 22/44 MP: 19/25
  8486 | D:9      | Reached skill level 13 in Stealth
  8804 | D:9      | Noticed an obsidian statue
  8854 | D:9      | Found an ancient bone altar of Kikubaaqudgha.
  8862 | D:9      | Found a stormy altar of Qazlal.
  9196 | D:9      | Identified the +8 hand axe "Demonbane" {flame, rF+ Dex+2
                  | Stlth+}
  9322 | D:10     | Entered Level 10 of the Dungeon
  9352 | D:10     | Reached skill level 5 in Short Blades
  9372 | D:10     | Reached *** piety under Dithmenos
  9467 | D:10     | Noticed a gargoyle
  9668 | D:10     | Killed a gargoyle
 10074 | D:10     | Reached XP level 11. HP: 48/48 MP: 21/27
 10276 | D:10     | Acquired 797 gold pieces
 10281 | D:10     | Acquired 1170 gold pieces
 10288 | D:10     | Acquired a +0 quick blade of flaming
 10333 | D:11     | Reached skill level 1 in Fighting
 10998 | D:11     | Noticed a brown ugly thing
 11003 | D:11     | Killed a brown ugly thing
 11153 | D:12     | Found a staircase to the Orcish Mines.
 11153 | D:12     | Found Diybevem's Armour Shoppe.
 11214 | D:12     | Noticed a brown ugly thing
 11219 | D:12     | Killed a brown ugly thing
 11327 | D:12     | Reached **** piety under Dithmenos
 11344 | D:12     | Reached skill level 14 in Stealth
 11358 | D:12     | Noticed a fire dragon
 11363 | D:12     | HP: 1/51 [fire dragon/blast of flame (46)]
 11368 | D:12     | Killed a fire dragon
 11369 | D:12     | Reached skill level 5 in Dodging
 11439 | D:12     | Noticed a deep elf pyromancer
 11449 | D:12     | Killed a deep elf pyromancer
 11645 | D:12     | Noticed a deep elf pyromancer
 11650 | D:12     | Killed a deep elf pyromancer
 11654 | D:12     | Noticed a great orb of eyes
 11655 | D:12     | Noticed a yaktaur captain
 11669 | D:12     | Noticed a necromancer
 11674 | D:12     | Killed a great orb of eyes
 11680 | D:12     | Killed a yaktaur captain
 11681 | D:12     | Reached XP level 12. HP: 47/56 MP: 17/29
 11781 | D:12     | Noticed a two-headed ogre
 11799 | D:12     | Killed a two-headed ogre
 11803 | D:12     | Reached skill level 10 in Short Blades
 11989 | D:12     | Noticed a death knight
 12006 | D:12     | Noticed an eight-headed hydra
 12145 | D:12     | Killed an eight-headed hydra
 12146 | D:12     | Reached skill level 15 in Stealth
 12205 | D:12     | Found Esicleguts's Demolitions Depot.
 12358 | D:12     | Killed a death knight
 12466 | D:12     | Acquired the +1 hat of Poor Excuses {rC+ Str+2 Dex+3}
 12475 | D:12     | Noticed a boulder beetle
 12482 | D:12     | Killed a boulder beetle
 12806 | D:12     | Noticed a boulder beetle
 12813 | D:12     | Killed a boulder beetle
 12875 | D:12     | Identified the +8 long sword "Cischup" {vamp, rC+ rN+}
 12882 | D:12     | Noticed a catoblepas
 12908 | D:12     | Killed a catoblepas
 13005 | D:13     | Noticed a catoblepas
 13008 | D:13     | Found a gate leading to a gauntlet.
 13021 | Gauntlet | Entered a Gauntlet
 13021 | Gauntlet | Found a transporter.
 13031 | Gauntlet | Found a transporter.
 13042 | Gauntlet | Found a transporter.
 13045 | Gauntlet | Found a transporter.
 13055 | Gauntlet | Found a transporter.
 13070 | Gauntlet | Found a transporter.
 13081 | Gauntlet | Found a transporter.
 13082 | Gauntlet | Found the macabre finger necklace {rN+}
 13088 | Gauntlet | Noticed a green death
 13089 | Gauntlet | Found a runed translucent door.
 13092 | Gauntlet | Found a transporter.
 13093 | Gauntlet | Found a runed translucent door.
 13106 | Gauntlet | Found a transporter.
 13115 | Gauntlet | Noticed a catoblepas
 13120 | Gauntlet | Found a transporter.
 13120 | Gauntlet | Found a transporter.
 13157 | Gauntlet | Noticed a quicksilver ooze
 13162 | Gauntlet | Found a transporter.
 13179 | Gauntlet | Found a transporter.
 13189 | Gauntlet | Found a transporter.
 13595 | Gauntlet | Noticed a minotaur
 13612 | Gauntlet | Killed a minotaur
 13758 | Gauntlet | Identified the +1 cloak of the Desolation of Salt {rElec
                  | Regen+}
 13902 | D:13     | Noticed an eight-headed hydra
 14063 | D:13     | Killed an eight-headed hydra
 14184 | D:13     | Noticed a boulder beetle
 14186 | D:13     | Killed a boulder beetle
 14277 | D:13     | Reached XP level 13. HP: 50/63 MP: 11/31
 14603 | D:13     | Reached skill level 5 in Fighting
 14603 | D:13     | Reached skill level 16 in Stealth
 14854 | D:13     | Noticed Frances
 14857 | D:13     | Killed Frances
 14860 | D:13     | Found a portal to a secret trove of treasure.
 15544 | D:14     | Found a gate to the Vaults.
 16111 | D:14     | Reached ***** piety under Dithmenos
 16363 | D:14     | Reached skill level 10 in Dodging
 16397 | D:14     | Reached skill level 17 in Stealth
 16490 | D:14     | Lost mutation: You are resistant to electric shocks.
                  | (rElec) [potion of mutation]
 16490 | D:14     | Gained mutation: You have a pair of small antennae on your
                  | head. [potion of mutation]
 16490 | D:14     | Gained mutation: Armour fits poorly on your strangely
                  | shaped body. [potion of mutation]
 16490 | D:14     | Gained mutation: Your muscles are strong. (Str +4, Int/Dex
                  | -1) [potion of mutation]
 16491 | D:14     | Lost mutation: Armour fits poorly on your strangely shaped
                  | body. [potion of mutation]
 16491 | D:14     | Lost mutation: Your muscles are strong. (Str +4, Int/Dex
                  | -1) [potion of mutation]
 16491 | D:14     | Lost mutation: You have a pair of small antennae on your
                  | head. [potion of mutation]
 16491 | D:14     | Gained mutation: You expend magic power (3 MP) to
                  | strengthen your wands. [potion of mutation]
 16491 | D:14     | Gained mutation: Your spells are a little harder to cast,
                  | but a little more powerful. [potion of mutation]
 16567 | D:14     | Reached XP level 14. HP: 70/70 MP: 12/33
 17170 | Lair:1   | Entered Level 1 of the Lair of Beasts
 17429 | Lair:1   | Noticed Urug
 17442 | Lair:1   | Killed Urug
 17692 | Lair:1   | Found a dark tunnel.
 17702 | Volcano  | Entered a volcano
 18926 | Lair:2   | Found a hole to the Spider Nest.
 19460 | Lair:3   | Noticed Nessos
 19464 | Lair:3   | Killed Nessos
 19791 | Lair:3   | Reached ****** piety under Dithmenos
 19792 | Lair:3   | Reached skill level 18 in Stealth
 19839 | Lair:3   | Mangled by a catoblepas

Illustrated notes

Levels and vault maps discovered:
D:1:      saegor_arrival_under_anarchy, layout_loops_ring,
          ebering_ecumenical_altar_petrified
D:2:      layout_loops_ring, serial_shops, nicolae_shop_advertising_works
          [nicolae_subvault_shop_adworks], kennysheep_cluttered_room,
          minmay_misc_feat_more_columns
D:3:      layout_basic, lemuel_round_altar, gammafunk_ghost_smash,
          uniq_crazy_yiuf_cottage
D:4:      layout_basic
D:5:      layout_layer_cave, minmay_temple_entry_overgrown, uniq_prince_ribbit1
D:6:      layout_basic, chequers_temple_overflow_statue_of_worship,
          ebering_ghost_sewer_f
D:7:      layout_loops_cross, slow_altar_2, minitemple, grunt_ministairs_2
D:8:      layout_loops_ring, lair_entry_dummy
D:9:      layout_basic, mainiacjoe_overflow_large_starburst, minivault_16
D:10:     layout_rooms, nicolae_concentric_dashed_squares_mild
D:11:     layout_irregular_city
D:12:     evilmike_diamond_2, layout_rooms, orc_david_3, nicolae_blasting_shop
D:13:     layout_roguey [special_room_bee], nicolae_trove_entry_isolated,
          gauntlet_entry_generic, uniq_frances
D:14:     minmay_open_boxes_in_corner, layout_basic, david_vaults_5,
          minmay_misc_feat_enclosed
Temple:   nicolae_temple_god_jail
Lair:1:   layout_loops_ring, lightli_volcano_entry_magma_tube, st_stairs_6,
          serial_bayou_pond_a, infiniplex_staircase_pool_2, grunt_megastairs_3,
          uniq_urug
Lair:2:   layout_long_grid, nicolae_spider_entry_non_spiders, minmay_hedge_maze,
          minivault_25, grunt_forest_stairs_clearing
Lair:3:   layout_roguey, minmay_shoals_entry_hut, minivault_19, uniq_nessos

Skill      XL: |  1  2  3  4  5  6  7  8  9 10 11 12 13 14 |
---------------+-------------------------------------------+-----
Spellcasting   | 3 4 5 6 7 9 10 11 12 13 14 | 14.7
Hexes          | 4 5 6 7 9 10 11 12 13 14 | 14.9
Stealth        | 5 6 8 10 12 13 14 15 17 18 | 18.0
Dodging        | 3 6 8 10 11 | 11.4
Short Blades   | 8 9 10 11 12 | 12.0
Fighting       | 3 4 6 7 |  7.0
Armour         | |  0.6

Action                   |  1- 3 |  4- 6 |  7- 9 | 10-12 | 13-15 || total
-------------------------+-------+-------+-------+-------+-------++-------
Melee: Dagger            |   122 |   100 |   247 |    90 |       ||   559
       Punch             |     2 |       |     3 |     2 |    18 ||    25
       Quick blade       |       |       |       |   252 |   997 ||  1249
 Cast: Ensorcelled Hiber |     2 |    46 |    44 |   111 |    66 ||   269
       Tukima's Dance    |       |    13 |    14 |    15 |    11 ||    53
       Confusing Touch   |       |     2 |     6 |    20 |    10 ||    38
       Dazzling Flash    |       |       |     2 |     4 |     5 ||    11
Invok: Shadow Step       |       |       |       |     1 |     1 ||     2
Evoke: Wand              |       |       |     3 |     7 |     7 ||    17
       Box of beasts     |       |       |       |       |     1 ||     1
       Condenser vane    |       |       |       |       |     1 ||     1
  Use: Scroll            |     5 |     4 |     6 |    19 |    10 ||    44
       Potion            |       |       |     3 |     5 |     3 ||    11
 Stab: Sleeping          |    11 |    19 |    44 |    97 |    70 ||   241
       Distracted        |       |     1 |     1 |     4 |     2 ||     8
       Confused          |       |       |     4 |    19 |    10 ||    33
       Invisible         |       |       |     1 |     3 |     5 ||     9
Armor: Robe              |    14 |    10 |    17 |     1 |       ||    42
       Steam dragon scal |       |       |       |    17 |    53 ||    70
Dodge: Dodged            |    85 |    93 |   176 |   176 |   531 ||  1061

Table legend: (Time is in decaauts)
 A = Elapsed time spent in this place.
 B = Non-inter-level travel time spent in this place.
 C = Inter-level travel time spent in this place.
 D = Time resting spent in this place.
 E = Time spent auto-exploring this place.
 F = Levels seen in this place.
 G = Mean time per level.
                   A        B        C        D        E       F      G
               +--------+--------+--------+--------+--------+-----+--------+
         Total |  14170 |  13720 |    450 |   1434 |   8877 |  20 |  708.5 |
       Dungeon |  12071 |  11656 |    415 |   1168 |   7789 |  14 |  862.2 |
        Temple |     34 |     26 |      8 |      0 |     14 |   1 |   34.0 |
          Lair |   1383 |   1358 |     25 |      0 |    932 |   3 |  461.0 |
       Volcano |    121 |    121 |      0 |      0 |     10 |   1 |  121.0 |
      Gauntlet |    559 |    559 |      0 |    265 |    131 |   1 |  559.0 |
               +--------+--------+--------+--------+--------+-----+--------+

Top non-repeatable levels by time:
    D:12: 1309 daAuts
    D:13: 1215 daAuts
    D:14: 1134 daAuts
     D:6: 1072 daAuts
     D:3: 961 daAuts
     D:4: 840 daAuts
    D:10: 809 daAuts
     D:8: 770 daAuts
     D:9: 736 daAuts
     D:7: 730 daAuts
     D:2: 719 daAuts
  Lair:1: 642 daAuts
     D:1: 636 daAuts
    D:11: 586 daAuts
Gauntlet: 559 daAuts
